 Dungeon Crawl Stone Soup version 0.26.0-45-g9c1d065592 (webtiles) character file.

Game seed: 1447239556798138187

1591 Gauvater the Chopper (level 8, -8/72 HPs)
             Began as a Palentonga Fighter on Jan 28, 2021.
             Mangled by a two-headed ogre
             ... wielding a +0 giant club
              (13 damage)
             ... on level 5 of the Dungeon.
             The game lasted 00:16:15 (5479 turns).

Gauvater the Chopper (Palentonga Fighter)           Turns: 5479, Time: 00:16:16

Health: -8/72      AC: 15    Str: 22    XL:     8   Next: 61%
Magic:  8/8        EV:  6    Int:  9    God:
Gold:   332        SH:  9    Dex:  9    Spells: 7/7 levels left

rFire    . . .     SeeInvis +   l - +2 war axe (freeze)
rCold    . . .     Faith    .   c - +0 kite shield
rNeg     . . .     Spirit   .   b - +0 scale mail
rPois    +         Reflect  .   f - +0 helmet
rElec    .         Harm     .   (no cloak)
rCorr    .         Rampage  .   (no gloves)
Will     .....                  (no barding)
Stlth    +.........             (no amulet)
HPRegen  0.22/turn              y - ring of stealth
MPRegen  0.11/turn              F - ring of poison resistance

@: curled up
A: large, rugged brown scales 3, see invisible, deformed body, roll 1, armoured
tail, reflexive curl
a: Rolling Charge


You were on level 5 of the Dungeon.
You visited 2 branches of the dungeon, and saw 7 of its levels.
You also visited: Sewer.

You collected 332 gold pieces.

Inventory:

Hand Weapons
 a - a +0 war axe
 l - a +2 war axe of freezing (weapon)
 H - a +0 whip of freezing
Missiles
 e - 272 stones
 k - 71 bolts
 q - 7 poisoned darts
 I - a throwing net
Armour
 b - a +0 scale mail (worn)
 c - a +0 kite shield (worn)
 f - a +0 helmet (worn)
Jewellery
 t - an uncursed ring of ice
 u - an uncursed ring of positive energy
 y - a ring of stealth (left hand)
 F - a ring of poison resistance (right hand)
Wands
 r - a wand of flame (14)
 B - a wand of polymorph (10)
Scrolls
 d - 6 scrolls of identify {unknown}
 i - 6 scrolls of remove curse {unknown}
 j - 3 scrolls of enchant armour {unknown}
 m - 3 scrolls of amnesia {unknown}
 o - 3 scrolls of fear {unknown}
 w - 2 scrolls of enchant weapon {unknown}
 C - a scroll of random uselessness {unknown}
 D - a scroll of teleportation {unknown}
 G - a scroll of magic mapping {unknown}
Potions
 g - a potion of magic {unknown}
 h - 4 potions of invisibility {unknown}
 n - 5 potions of attraction {unknown}
 p - 2 potions of degeneration {unknown}
 s - 3 potions of mutation {unknown}
 v - a potion of might
 x - a potion of curing
 z - 2 potions of resistance {unknown}
 A - 2 potions of lignification {unknown}
 E - 4 potions of flight {unknown}


   Skills:
 + Level 5.3 Fighting
 + Level 7.3 Axes
 + Level 4.8 Armour
 + Level 1.7 Dodging
 + Level 0.2 Stealth
 + Level 4.1 Shields


You had 7 spell levels left.
You didn't know any spells.
Your spell library contained the following spells:

 Spells                   Type           Power        Failure   Level
 Magic Dart               Conj           0%           96%         1
 Blink                    Tloc           N/A          99%         2
 Call Imp                 Summ           0%           99%         2
 Slow                     Hex            0%           99%         2
 Conjure Flame            Conj/Fire      0%           100%        3
 Mephitic Cloud           Conj/Pois/Air  0%           100%        3


Dungeon Overview and Level Annotations

Branches:
Dungeon (6/15)             Temple (1/1) D:4           Sewer (visited)

Altars:
Cheibriados
Dithmenos
Elyvilon
Fedhas
Gozag
Hepliaklqana
Kikubaaqudgha
Makhleb
Nemelex Xobeh
Okawaru
Qazlal
Trog
Vehumet
Xom
Yredelemnul
Zin
The Shining One

Annotations:
D:2 1 runed translucent door, Crazy Yiuf
D:3 3 runed translucent doors, kthxbai's ghost, amateur OpTm


Innate Abilities, Weirdness & Mutations

You are completely covered in rugged brown scales. (AC +3, +7% HP)
You have supernaturally acute eyesight. (SInv)
Armour fits poorly on your strangely shaped body.
You can roll at nearby foes to attack.
You have a long armoured tail.
You curl defensively after being hit.


Message History

You hit the two-headed ogre. You freeze the two-headed ogre.
The two-headed ogre is heavily wounded.
You slash the two-headed ogre! You freeze the two-headed ogre.
The two-headed ogre is almost dead.
The two-headed ogre hits you with a +0 giant club!
* * * LOW HITPOINT WARNING * * *
The two-headed ogre hits you with a +0 giant club!
* * * LOW HITPOINT WARNING * * *
You feel better.
You block the two-headed ogre's attack. x2
You barely miss the two-headed ogre.
The two-headed ogre is almost dead.
The two-headed ogre hits you with a +0 giant club.
* * * LOW HITPOINT WARNING * * *
The two-headed ogre hits you with a +0 giant club!
* * * LOW HITPOINT WARNING * * *
You hit the two-headed ogre. You freeze the two-headed ogre.
The two-headed ogre is almost dead.
The two-headed ogre barely misses you.
The two-headed ogre hits you with a +0 giant club!
You die...

#....<...#.#.###...........##..##
###..........#............##..###
####...#................#.#....
######.######....###.......#.##.
##...#..###.##.....##..........##
#........#........###.........##.
.......#....#####.[#.........###.
#..<...##....#.O..##..........###
####.####.......@.............# #
..##.##..........†....##......###
.....................####........
..#...................###..#≈..#.
.....................###...≈≈≈≈≈.
.....................# #.#≈≈≈≈≈≈≈
.....................###..≈≈≈≈≈≈≈
......#..............##..(≈≈≈.≈≈≈
.#.#####.#................≈≈≈≈≈≈≈


You could see a two-headed ogre.

Vanquished Creatures
  Grinder (D:3)
  Sigmund (D:2)
  Purgy (Sewer)
  An orc warrior (D:5)
  An ice beast (D:6)
  A sky beast (D:6)
  An ogre (D:6)
  A wolf (D:6)
  A gnoll sergeant (D:6)
  A scorpion (D:6)
  A howler monkey (D:6)
  A gnoll shaman (D:6)
  A jelly (D:6)
  A bullfrog skeleton (D:3)
  A hound (D:6)
  A centaur skeleton (D:6)
  2 orc wizards (D:6)
  Jessica (D:3)
  Ijyb (D:3)
  2 worker ants
  A killer bee zombie (D:5)
  A hound skeleton (D:4)
  Robin (D:2)
  4 gnolls (D:6)
  4 adders
  A white imp (D:5)
  2 ufetubi
  An ooze (D:2)
  2 worms (D:5)
  2 dart slugs
  4 leopard geckos
  14 orcs
  8 bats
  6 giant cockroaches
  17 goblins
  6 hobgoblins
  4 jackals
  11 kobolds
  A quokka (D:3)
  5 frilled lizards
  2 leopard gecko skeletons
  5 rats
124 creatures vanquished.

Notes
Turn   | Place    | Note
-------+----------+-------------------------------------------
     0 | D:1      | Gauvater the Palentonga Fighter began the quest for the
                  | Orb.
     0 | D:1      | Reached XP level 1. HP: 20/20 MP: 1/1
   307 | D:1      | Reached XP level 2. HP: 27/27 MP: 2/2
   511 | D:1      | Reached XP level 3. HP: 25/33 MP: 3/3
   935 | D:2      | Noticed Sigmund
  1053 | D:2      | Found a snail-covered altar of Cheibriados.
  1290 | D:2      | Found a glowing golden altar of the Shining One.
  1368 | D:2      | Noticed Robin
  1392 | D:2      | Killed Robin
  1393 | D:2      | Reached skill level 3 in Axes
  1393 | D:2      | Reached XP level 4. HP: 24/40 MP: 4/4
  1764 | D:2      | Found an iron altar of Okawaru.
  1780 | D:2      | Killed Sigmund
  1781 | D:2      | Reached skill level 1 in Dodging
  1781 | D:2      | Reached XP level 5. HP: 23/49 MP: 5/5
  2045 | D:2      | Found a runed translucent door.
  2046 | D:2      | Noticed Crazy Yiuf
  2101 | D:3      | Reached skill level 4 in Axes
  2124 | D:3      | Noticed Jessica
  2127 | D:3      | Found a basalt altar of Yredelemnul.
  2133 | D:3      | Killed Jessica
  2134 | D:3      | Reached XP level 6. HP: 53/55 MP: 6/6
  2136 | D:3      | Noticed Grinder
  2142 | D:3      | Paralysed by Grinder for 3 turns
  2163 | D:3      | Killed Grinder
  2164 | D:3      | Gained mutation: You curl defensively after being hit.
                  | [Palentonga growth]
  2164 | D:3      | Reached XP level 7. HP: 17/64 MP: 7/7
  2466 | D:3      | Noticed Ijyb
  2477 | D:3      | Killed Ijyb
  2478 | D:3      | Reached skill level 5 in Axes
  2602 | D:3      | Found a white marble altar of Elyvilon.
  2856 | D:3      | Found a runed translucent gate.
  2857 | D:3      | Found a runed translucent gate.
  2857 | D:3      | Found a runed translucent gate.
  2859 | D:3      | Noticed kthxbai's ghost (amateur OpTm)
  2977 | D:4      | Found an ancient bone altar of Kikubaaqudgha.
  3129 | D:4      | Found a staircase to the Ecumenical Temple.
  3133 | Temple   | Entered the Ecumenical Temple
  3678 | D:5      | Entered Level 5 of the Dungeon
  3897 | D:5      | Found a glowing drain.
  3925 | Sewer    | Entered a sewer
  3976 | Sewer    | Noticed Purgy
  3981 | Sewer    | Killed Purgy
  4415 | D:5      | Found a shimmering altar of Xom.
  4708 | D:6      | Reached skill level 6 in Axes
  4731 | D:6      | Reached XP level 8. HP: 70/71 MP: 8/8
  4754 | D:6      | Reached skill level 5 in Fighting
  5051 | D:6      | Reached skill level 7 in Axes
  5347 | D:6      | Found an opulent altar of Gozag.
  5381 | D:6      | Found a blossoming altar of Fedhas.
  5435 | D:6      | Noticed a two-headed ogre
  5479 | D:5      | Mangled by a two-headed ogre

Illustrated notes

Levels and vault maps discovered:
D:1:      wander_arrival_lonely_grave, layout_loops_ring,
          minmay_strange_pillars, chequers_garden
D:2:      layout_loops_corners, lemuel_coloured_pillars_altar,
          general_overflow_altar, kennysheep_slug_shrine,
          okawaru_metal_pillars_1_2, uniq_robin, uniq_sigmund,
          uniq_crazy_yiuf_cottage
D:3:      layout_basic, elyvilon_altar_1, overflow_temple_1_default,
          gammafunk_ghost_necromancy, uniq_ijyb, uniq_jessica, uniq_grinder
D:4:      layout_loops_ring, kiku_gazebo_pond_becter,
          minmay_temple_entry_steel_oval
D:5:      layout_cave_pools, cheibrodos_sewer_entry_drain,
          brannock_xom_greatest_gift
D:6:      layout_cave_pools, kennysheep_mini, serial_gnoll_camp,
          gnoll_camp_huts_basic, gnoll_camp_mini_hut, gnoll_camp_mini_sergeant,
          gnoll_camp_mini_doghouse, gnoll_camp_mini_hut,
          gnoll_camp_mini_loothouse, basic_altar,
          chequers_serial_rivers_micro_c, nrook_loot_triangle,
          nicolae_gozag_seed_capital
Temple:   nicolae_temple_x_marks_the_god

Skill      XL: |  1  2  3  4  5  6  7  8 |
---------------+-------------------------+-----
Axes           | 3 4 6 7 |  7.3
Armour         | 3 4 |  4.8
Dodging        | 1 |  1.7
Shields        | 3 4 |  4.1
Fighting       | 4 5 |  5.3
Stealth        | |  0.2

Action                   |  1- 3 |  4- 6 |  7- 9 || total
-------------------------+-------+-------+-------++-------
Melee: War axe           |   114 |    38 |   154 ||   306
       Tailslap          |     9 |     2 |    26 ||    37
 Abil: Rolling Charge    |    10 |     5 |    13 ||    28
  Use: Potion            |       |     3 |     1 ||     4
Armor: Scale mail        |    77 |    17 |    79 ||   173
Dodge: Dodged            |    26 |     8 |    53 ||    87
Block: Kite shield       |    65 |    21 |    96 ||   182
